 Dungeon Crawl Stone Soup version 0.15-a0-674-g7948ca6 (webtiles) character file.

647 4tharraofdagon the Ruinous (level 7, -3/36 HPs)
             Began as a Tengu Wizard on May 9, 2014.
             Was a Follower of Vehumet.
             Shot with an arrow by a centaur (6 damage)
             ... on Level 9 of the Dungeon.
             The game lasted 00:15:32 (1668 turns).

4tharraofdagon the Ruinous (Tengu Wizard)           Turns: 1668, Time: 00:15:32

HP  -3/36        AC  4     Str  7      XL: 7   Next: 52%
MP  11/19        EV 11     Int 20      God: Vehumet [*.....]
Gold 143         SH  6     Dex 11 (13) Spells:  5 memorised,  4 levels left

rFire  . . .     SeeInvis .     q - +0 whip (elec)
rCold  . . .     Clarity  .     a - +0 robe
rNeg   . . .     Conserve .     h - +0 buckler
rPois  .         rCorr    .     b - +0 hat
rElec  .         rRot     .     D - +1 cloak
SustAb . .       Spirit   .     (no gloves)
rMut   .         Warding  .     (boots unavailable)
Saprov . . .     Stasis   .     (no amulet)
MR     .....                    (no ring)
                                (no ring)

@: repel missiles, exhausted, lethally poisoned, very slightly contaminated,
rotting, slowed, very slow, not resistant to hostile enchantments, unstealthy
A: able to fly, beak, talons 3
a: Fly, Renounce Religion


You were on level 9 of the Dungeon.
You worshipped Vehumet.
Vehumet was aware of your devotion.
You were very hungry.

You visited 2 branches of the dungeon, and saw 10 of its levels.

You collected 143 gold pieces.

Inventory:

Hand weapons
 e - a +0,+0 dagger
 f - a +0,+0 short sword
 q - a +0,+0 whip of electrocution (weapon)
 y - a +1,+2 flail of holy wrath
Armour
 a - a +0 robe (worn)
 b - a +0 hat (worn)
 g - a +0 cloak
 h - a +0 buckler (worn)
 o - a +0 cloak
 D - a +1 cloak (worn)
Magical devices
 u - a wand of cold (9)
 x - a wand of draining (5)
 A - a wand of confusion (8)
Comestibles
 d - 3 bread rations
 j - an orange
 t - a pear
 G - 2 chunks of worm flesh
Scrolls
 i - 2 scrolls of identify {unknown}
 l - a scroll of teleportation {unknown}
 m - a scroll of blinking {unknown}
 r - a scroll of random uselessness {unknown}
 v - a scroll of enchant armour {unknown}
 w - 2 scrolls of amnesia {unknown}
 B - a scroll of immolation {unknown}
 C - a scroll of magic mapping {unknown}
 E - a scroll of remove curse {unknown}
 F - a scroll of recharging {unknown}
 H - a scroll of fog {unknown}
Potions
 k - a potion of berserk rage
 p - a potion of restore abilities {unknown}
Books
 c - a book of Minor Magic

   Spells                             Type                      Level
   *Magic Dart                        Conjuration                  1
   *Blink                             Translocation                2
   Call Imp                           Summoning                    2
   *Repel Missiles                    Charms/Air                   2
   Slow                               Hexes                        2
   *Conjure Flame                     Conjuration/Fire             3
   *Mephitic Cloud                    Conjuration/Poison/Air       3


   Skills:
 - Level 2.1 Dodging
 - Level 2.0 Stealth
 + Level 4.6 Spellcasting
 + Level 6.7 Conjurations
   Level 1.2 Summonings
 - Level 0.7 Translocations
 * Level 4.8 Fire Magic


You had 4 spell levels left.
You knew the following spells:

 Your Spells              Type           Power        Failure   Level  Hunger
a - Magic Dart            Conj           ####         1%          1    None
b - Conjure Flame         Conj/Fire      ####....     6%          3    ###....
c - Repel Missiles        Chrm/Air       #.....       24%         2    #......
d - Blink                 Tloc           N/A          21%         2    #......
e - Mephitic Cloud        Conj/Pois/Air  ##......     21%         3    ###....


Dungeon Overview and Level Annotations

Branches:
Dungeon (9/15)             Temple (1/1) D:4
    Orc: D:9-12        Lair: D:8-11

Altars:
Ashenzari
Cheibriados
Dithmenos
Fedhas
Gozag
Kikubaaqudgha
Makhleb
Trog
Vehumet
The Shining One

Annotations:
D:6 casual's ghost, experienced DrTm
D:8 Prince Ribbit


Innate Abilities, Weirdness & Mutations

You can fly.
You have a beak for a mouth.
You have claws for feet.


Message History

You are feeling very hungry.
The centaur shoots an arrow.
The arrow hits you.
* * * LOW HITPOINT WARNING * * *
You hear a slurping noise.
The centaur shoots an arrow.
The arrow hits you but does no damage.
You feel sick.
The worker ant bites you but does no damage.
The worker ant bites you.
* * * LOW HITPOINT WARNING * * *
The necrophage hits you but does no damage.
You can move again.
You see here 2 arrows.
Unknown command.
Unknown command.
Drink which item? (? for menu, Esc to quit)
There was something very wrong with that liquid!
You feel clumsy.
It was a potion of degeneration.
The centaur shoots an arrow.
The arrow hits you.
You die...

........Z.n##
........n.##
.......B.Z##
.......K.##
........K#
....K...T#
........J#
....c..na#
........@#
.........#
........#
........#
........#
........
#######


You could see a goliath beetle, a troll, 2 necrophages, a centaur, a jelly, a
worker ant, 3 kobolds, a hobgoblin skeleton and an ogre skeleton.

Vanquished Creatures
  An ogre (D:5)
  A necrophage (D:7)
  2 giant frogs (D:6)
  2 scorpions (D:7)
  2 crimson imps
  A hound (D:6)
  An orc priest (D:7)
  An orc wizard (D:7)
  2 worker ants
  Ijyb (D:2)
  An adder (D:5)
  An orc zombie (D:6)
  A giant mite (D:5)
  A worm (D:7)
  An adder zombie (D:5)
  9 orcs
  2 bats
  A giant cockroach (D:6)
  2 goblins (D:5)
  2 hobgoblins (D:2)
  2 quokkas
  A giant spore (D:6)
  A hobgoblin zombie (D:7)
  5 kobolds
  3 rats
47 creatures vanquished.

Notes
Turn   | Place    | Note
--------------------------------------------------------------
     0 | D:1      | 4tharraofdagon, the Tengu Wizard, began the quest for the Orb.
     0 | D:1      | Reached XP level 1. HP: 10/10 MP: 4/4
    92 | D:2      | Noticed Ijyb
    96 | D:2      | Killed Ijyb
    96 | D:2      | Reached XP level 2. HP: 9/15 MP: 7/7
   333 | D:4      | Reached XP level 3. HP: 17/19 MP: 0/9
   338 | D:4      | Learned a level 3 spell: Conjure Flame
   389 | D:4      | Found a staircase to the Ecumenical Temple.
   395 | Temple   | Entered the Ecumenical Temple
   456 | Temple   | Became a worshipper of Vehumet
   513 | D:4      | Found a burning altar of Makhleb.
   534 | D:4      | Noticed an ice beast
   613 | D:5      | Entered Level 5 of the Dungeon
   683 | D:5      | Reached XP level 4. HP: 24/24 MP: 7/11
   698 | D:5      | Learned a level 2 spell: Repel Missiles
   701 | D:5      | Learned a level 2 spell: Blink
   748 | D:5      | Noticed an ogre
   845 | D:5      | Killed an ogre
   845 | D:5      | Reached skill level 4 in Conjurations
   845 | D:5      | Reached XP level 5. HP: 12/28 MP: 0/14
   878 | D:5      | Learned a level 3 spell: Mephitic Cloud
   942 | D:6      | Reached skill level 5 in Conjurations
  1118 | D:6      | Reached XP level 6. HP: 22/32 MP: 1/17
  1254 | D:7      | Found a burning altar of Makhleb.
  1275 | D:7      | Reached skill level 6 in Conjurations
  1336 | D:6      | Noticed casual's ghost (experienced DrTm)
  1347 | D:6      | Reached XP level 7. HP: 34/36 MP: 5/18
  1483 | D:7      | Acquired Vehumet's first power
  1483 | D:7      | Offered knowledge of Sting by Vehumet.
  1626 | D:8      | Noticed Prince Ribbit
  1629 | D:9      | Found a blossoming altar of Fedhas.
  1648 | D:9      | Noticed a troll
  1668 | D:9      | Shot with an arrow by a centaur

Action                   |  1- 3 |  4- 6 |  7- 9 || total
-------------------------+-------+-------+-------++-------
Melee: Short sword       |    11 |       |       ||    11
       Dagger            |     1 |       |       ||     1
       Whip              |     4 |    43 |    30 ||    77
 Cast: Magic Dart        |    21 |    55 |     8 ||    84
       Conjure Flame     |       |     3 |       ||     3
       Mephitic Cloud    |       |     3 |     8 ||    11
       Repel Missiles    |       |       |     1 ||     1
Evoke: Wand              |       |     6 |       ||     6
  Use: Potion            |     1 |     1 |     3 ||     5
 Stab: Sleeping          |       |       |     1 ||     1

Vault maps used:
D:1:      sevenhm_arrival_forest_fort_small_5, minivault_11, dk_noncrumbling_1
D:2:      serial_aquarium, aquarium_bridge_straight, aquarium_bridge_straight,
          aquarium_window_1, aquarium_window_fake, aquarium_view_2c, uniq_iyjb
D:3:      tgw_xom, serial_co_window_serial, co_window_corner_a,
          co_window_corner_a, co_window_corner_a, co_window_corner_a,
          co_window_corner_a, co_window_paths_a, co_window_corner_a,
          co_window_broadway_a, co_window_cross_4, co_window_of_opportunity_b,
          glass_columns_a, glass_columns_c, glass_columns_a, glass_columns_b,
          uniq_natasha
D:4:      minmay_temple_entry_hall, first_bread, minmay_misc_feat_enclosed,
          bloody_makhleb
D:5:      serial_shops, shop, grunt_decor_one_mirror
D:7:      basic_altar
D:8:      blue_anna_alchemist, uniq_gastronok, uniq_blork_the_orc,
          uniq_prince_ribbit1, uniq_erolcha
D:9:      serial_gnoll_camp, gnoll_camp_mini_hut, gnoll_camp_medium_01,
          gnoll_camp_mini_loothouse, gnoll_camp_medium_02,
          minmay_misc_feat_alley, kennysheep_big_empty_room,
          fedhas_bush_and_centaur_altar
Temple:   minmay_crystal_snake_temple_18
